 Dungeon Crawl Stone Soup version 0.21.0-3-g78d12a8 (webtiles) character file.

159 Suckerboh the Chucker (level 5, -19/50 HPs)
             Began as an Ogre Arcane Marksman on Jan 16, 2018.
             Demolished by an ogre
             ... wielding a +0 giant club
              (25 damage)
             ... on level 4 of the Dungeon.
             The game lasted 00:08:23 (5497 turns).

Suckerboh the Chucker (Ogre Arcane Marksman)        Turns: 5497, Time: 00:08:24

Health: -19/50     AC:  3    Str: 19    XL:     5   Next: 40%
Magic:  6/6        EV: 11    Int: 14    God:
Gold:   138        SH:  0    Dex: 10    Spells: 5/6 levels left

rFire    + . .     SeeInvis .   t - +0 blowgun
rCold    + . .     Gourm    .   (no shield)
rNeg     . . .     Faith    .   m - +0 robe
rPois    .         Spirit   .   (helmet restricted)
rElec    .         Reflect  .   s - scarf {rC+ rF+}
rCorr    .         Harm     .   (gloves unavailable)
MR       .....                  (boots unavailable)
Stlth    +.........             (no amulet)
HPRegen  0.16/turn              (no ring)
MPRegen  0.10/turn              (no ring)

@: confused, mighty, lethally poisoned (-19 -> -24)
A: large, unfitting armour, tough skin 1
a: no special abilities


You were on level 4 of the Dungeon.
You were hungry.

You visited 1 branch of the dungeon, and saw 4 of its levels.

You collected 138 gold pieces.

Inventory:

Hand Weapons
 a - a +0 whip
 g - a cursed -2 short sword
 t - a +0 blowgun (weapon)
 w - a +0 hunting sling
Missiles
 d - 2 throwing nets
 e - 102 stones
 o - 20 poisoned needles (quivered)
 x - 17 sling bullets
Armour
 m - a +0 robe (worn)
 s - a scarf of resistance (worn)
Scrolls
 i - 5 scrolls of teleportation {unknown}
 l - 4 scrolls of remove curse {unknown}
 n - 2 scrolls of enchant armour {unknown}
 p - 2 scrolls of enchant weapon {unknown}
 r - a scroll of immolation {unknown}
 u - 2 scrolls of identify {unknown}
Potions
 j - a potion of curing {unknown}
 k - a potion of invisibility {unknown}
 q - a potion of might
 v - a potion of degeneration {unknown}
 z - a potion of haste {unknown}
 B - a potion of flight {unknown}
Books
 b - a book of Debilitation

   Spells                             Type                      Level
   a - Corona                         Hexes                        1
   b - Slow                           Hexes                        2
   c - Inner Flame                    Hexes/Fire                   3
   d - Portal Projectile              Hexes/Translocation          3
   e - Cause Fear                     Hexes                        4
   f - Leda's Liquefaction            Hexes/Earth                  4
Comestibles
 f - 6 rations
 A - a chunk of flesh


   Skills:
 + Level 2.7 Fighting
 + Level 1.1 Maces & Flails
 + Level 0.2(1.5) Slings
 + Level 3.4(3.5) Throwing
 + Level 3.4 Dodging
 - Level 1.2 Spellcasting
 - Level 2.6 Hexes


You had 5 spell levels left.
You knew the following spells:

 Your Spells              Type           Power        Failure   Level  Hunger
a - Corona                Hex            #......      9%          1    ##.....


Dungeon Overview and Level Annotations

Branches:
Dungeon (4/15)
 Temple: D:4-7

Altars:
Fedhas


Innate Abilities, Weirdness & Mutations

You are too large for most types of armour.
You have tough skin. (AC +1)


Message History

Press: ? - help, Shift-Dir - straight line, f/p - ogre
Aim: an ogre, wielding a giant club (moderately wounded, poisoned)
You shoot a poisoned needle. The poisoned needle hits the adder!
The adder is poisoned.
* * * LOW HITPOINT WARNING * * *
You feel sick. The adder barely misses you.
It was a potion of might.
You feel very mighty all of a sudden.
* * * LOW HITPOINT WARNING * * *
You feel sick. The adder bites you.
* * * LOW HITPOINT WARNING * * *
The adder barely misses you.
It was a potion of ambrosia.
You are confused.
You feel invigorated.
* * * LOW HITPOINT WARNING * * *
You feel sick. The adder closely misses you.
You bump into the rock wall.
The ogre hits you with a giant club!!
Ouch! That really hurt!
You die...

#########
######.......###.#
####.......###......#
##.##.####..###..###....
##...#.##......#..### ##
##......##O#..#......#
#........@S(..###^.#.#.###
##.....#####.............#
#..<...# #######.#.###.#
#.#.##.# ##.#.###.# #<#.#
# ##>.#..##.# #.#.#
########.#.##.##.# #.#.#
#.....#.###......#
#.#.##.#......## ##....#.
#..[...#.....## ##.....


You could see an ogre and an adder.

Vanquished Creatures
  A bullfrog skeleton (D:4)
  3 adders
  A gnoll (D:1)
  2 oozes (D:1)
  A dart slug (D:2)
  A leopard gecko (D:1)
  5 giant cockroaches
  2 goblins (D:1)
  7 hobgoblins
  18 jackals
  2 quokkas
  2 ball pythons
  6 bats
  8 frilled lizards
  9 kobolds
  13 rats
81 creatures vanquished.

Notes
Turn   | Place    | Note
-------+----------+-------------------------------------------
     0 | D:1      | Suckerboh the Ogre Arcane Marksman began the quest for the Orb.
     0 | D:1      | Reached XP level 1. HP: 19/19 MP: 2/2
   448 | D:1      | Reached XP level 2. HP: 25/27 MP: 3/3
  1053 | D:1      | Reached XP level 3. HP: 33/33 MP: 4/4
  2684 | D:2      | Reached XP level 4. HP: 42/42 MP: 5/5
  3349 | D:2      | Found a blossoming altar of Fedhas.
  3969 | D:3      | Reached skill level 1 in Maces & Flails
  4228 | D:3      | Reached XP level 5. HP: 26/50 MP: 6/6
  5307 | D:4      | Noticed an ogre
  5495 | D:4      | HP: 1/50 [adder (2)]
  5497 | D:4      | Demolished by an ogre

Skill      XL: |  1  2  3  4 |
---------------+-------------+-----
Dodging        | 2 3 |  3.4
Fighting       | 2 |  2.7
Throwing       | 3 |  3.4
Maces & Flails | 1 |  1.1
Slings         | |  0.2
Spellcasting   | |  1.2
Hexes          | |  2.6

Action                   |  1- 3 |  4- 6 || total
-------------------------+-------+-------++-------
Melee: Unarmed           |   168 |       ||   168
       Whip              |    36 |   135 ||   171
 Fire: Blowgun           |       |    65 ||    65
       Hunting sling     |       |    10 ||    10
Throw: Large rock        |    19 |     5 ||    24
       Throwing net      |     1 |       ||     1
  Use: Potion            |       |     2 ||     2
  Eat: Chunk             |     6 |     8 ||    14
Armor: Robe              |    62 |    65 ||   127
Dodge: Dodged            |   137 |   153 ||   290
